 Dungeon Crawl Stone Soup version 0.26-a0-778-g3fe0686644 (webtiles) character file.

Game seed: 18245528566276400696

28 somkeydreadnuts the Grave Robber (level 3, 19/19 HPs)
             Began as a Deep Elf Necromancer on Nov 10, 2020.
             Got out of the dungeon alive.
             The game lasted 00:04:14 (1941 turns).

somkeydreadnuts the Grave Robber (DENe)             Turns: 1941, Time: 00:04:14

Health: 19/19      AC:  3    Str:  5    XL:     3   Next: 0%
Magic:  10/10      EV: 13    Int: 20    God:
Gold:   21         SH:  0    Dex: 15    Spells: 8/9 levels left

rFire    . . .     SeeInvis .   (no weapon)
rCold    . . .     Faith    .   (no shield)
rNeg     . . .     Spirit   .   a - +0 robe
rPois    .         Reflect  .   g - +0 hat
rElec    .         Harm     .   d - +0 cloak
rCorr    .         Rampage  .   (no gloves)
MR       .....                  (no boots)
Stlth    ++........             (no amulet)
HPRegen  0.06/turn              (no ring)
MPRegen  0.12/turn              (no ring)

@: no status effects
A: no striking features
a: no special abilities


You escaped.
You visited 1 branch of the dungeon, and saw 1 of its levels.

You collected 21 gold pieces.

Inventory:

Armour
 a - a +0 robe (worn)
 d - a +0 cloak (worn)
 g - a +0 hat (worn)
Scrolls
 h - a scroll of fear {unknown}
 i - a scroll of fog {unknown}
 j - a scroll of enchant weapon {unknown}
 k - a scroll of identify {unknown}
Potions
 b - a potion of heal wounds {unknown}
 c - a potion of might {unknown}
 e - 2 potions of lignification {unknown}
 f - a potion of haste {unknown}
 l - a potion of curing {unknown}


   Skills:
 - Level 2.4 Dodging
 - Level 2.4 Stealth
 + Level 3.7 Spellcasting
 + Level 5.6 Necromancy


You had 8 spell levels left.
You knew the following spells:

 Your Spells              Type           Power        Failure   Level
a - Pain                  Necr           ####         1%          1

Your spell library contained the following spells:

 Spells                   Type           Power        Failure   Level
 Animate Skeleton         Necr           ####..       1%          1
 Vampiric Draining        Necr           ####......   3%          3
 Animate Dead             Necr           ####......   13%         4
 Agony                    Necr           ####....     34%         5


Dungeon Overview and Level Annotations

Branches:
Dungeon (1/15)

Altars:


Message History

Done exploring.
There is an open door here.
There is an open door here.
You see here a spear.
There is an open door here.
Okay, then.
Unknown command.
Casting: Pain (safe; 1% risk of failure)
Confirm with . or Enter, or press ? or * to list all spells.
Okay, then.
Unknown command.
Unknown command.
Okay, then.
There is an open door here.
There is an open door here.
You open the door.
There is an open door here.
There is a staircase leading out of the dungeon here.
Are you sure you want to leave the Dungeon?
This will make you lose the game!
You have escaped!

####.....#.............# #.# #
.........#.###########.# #.# #
.#.#.#.###..#.......#..# #.###
.#.#.....#.#.#######.#.# #....
##.###)###.##.......##.# #####
##.# #.# #.#.###'###.#.# #
...###.# #.#.#.....#.#.# #
....##.###.#.#.....#.#.##### #
###.##.'.'.#.+..@..'.#.'.'.######
#.##.###.#.#.....#.#.###.......
###.##(###.#.#.)...#.#.# #.......
.........#.#.###+###.#.# #.......
.##.##.###.##.......##.# #.......
.##.#...##.#.#######.#.# #.......
.##......#..#.......#..#
#....รท..
....#...##.###########.# #.......
.#####.###.............# ####.###


There were no monsters in sight!

Vanquished Creatures
  3 dart slugs (D:1)
  A leopard gecko (D:1)
  3 bats (D:1)
  3 goblins (D:1)
  3 hobgoblins (D:1)
  A frilled lizard (D:1)
  3 kobolds (D:1)
  4 rats (D:1)
21 creatures vanquished.

Notes
Turn   | Place    | Note
-------+----------+-------------------------------------------
     0 | D:1      | somkeydreadnuts the Deep Elf Necromancer began the quest
                  | for the Orb.
     0 | D:1      | Reached XP level 1. HP: 10/10 MP: 6/6
   109 | D:1      | Reached skill level 5 in Necromancy
   642 | D:1      | Reached XP level 2. HP: 15/15 MP: 6/8
  1577 | D:1      | Reached XP level 3. HP: 16/19 MP: 7/10
  1941 | D:$      | Got out of the dungeon alive.

Illustrated notes

Levels and vault maps discovered:
D:1:      matt_arrival_los_fun, layout_loops_corners, minmay_close_crescents

Skill      XL: |  1 |
---------------+----+-----
Necromancy     | 5 |  5.6
Dodging        | |  2.4
Stealth        | |  2.4
Spellcasting   | |  3.7

Action                   || total
-------------------------++-------
Melee: Unarmed           ||     2
 Cast: Pain              ||    35
Armor: Robe              ||     1
Dodge: Dodged            ||     7

Table legend: (Time is in decaauts)
 A = Elapsed time spent in this place.
 B = Non-inter-level travel time spent in this place.
 C = Inter-level travel time spent in this place.
 D = Time resting spent in this place.
 E = Time spent auto-exploring this place.
 F = Levels seen in this place.
 G = Mean time per level.
                   A        B        C        D        E       F      G
               +--------+--------+--------+--------+--------+-----+--------+
         Total |   1941 |   1941 |      0 |      0 |   1687 |   1 | 1941.0 |
       Dungeon |   1941 |   1941 |      0 |      0 |   1687 |   1 | 1941.0 |
               +--------+--------+--------+--------+--------+-----+--------+

Top non-repeatable levels by time:
     D:1: 1941 daAuts
